 Dungeon Sprint DCSS version 0.28.0-47-ge53b351184 (webtiles) character file.

Game seed: 11310143058899834584

1306 browni3141 the Fighter (level 8, -12/105 HPs)
             Began as an Ogre Berserker on May 4, 2022.
             Was an Elder of Trog.
             Mangled by a catoblepas (16 damage)
             ... while petrified by a catoblepas
             ... in the Dungeon (Sprint IX: "|||||||||||||||||||||||||||||").
             The game lasted 00:01:50 (496 turns).

browni3141 the Fighter (Ogre Berserker)              Turns: 496, Time: 00:01:50

Health: -12/105    AC:  5    Str: 24    XL:     8   Next: 57%
Magic:  8/8        EV:  1    Int:  8    God:    Trog [****..]
Gold:   0          SH:  0    Dex: 11    Spells: 7/7 levels left

rFire   . . .      SeeInvis .   h - +0 giant club
rCold   . . .      Faith    .   (shield currently unavailable)
rNeg    + + +      Spirit   .   b - +0 animal skin
rPois   ∞          Reflect  .   (helmet restricted)
rElec   .          Harm     .   (no cloak)
rCorr   .          Rampage  .   (gloves unavailable)
Will    .....      NoTele   +   (boots unavailable)
Stlth   +.........              (no amulet)
HPRegen 0.27/turn               O - +2 ring of protection
MPRegen 0.11/turn               X - +3 ring of dexterity

@: petrified
A: large, unfitting armour, tough skin 1
a: Renounce Religion, Berserk, Trog's Hand, Brothers in Arms


You were in the Dungeon.
You worshipped Trog.
Trog was greatly pleased with you.
You visited 1 branch


Innate Abilities, Weirdness & Mutations

You are too large for most types of armour.
You have tough skin. (AC +1)


   Skills:
 + Level 14.3 Fighting
 * Level 14.0 Maces & Flails
 - Level 2.6 Dodging


You had 7 spell levels left.
You didn't know any spells.
Your spell library was empty.

Inventory:

Hand Weapons
 a - a +0 mace
 h - a +0 giant club (weapon)
 k - a +2 vorpal morningstar
Armour
 b - a +0 animal skin (worn)
Jewellery
 O - a +2 ring of protection (left hand)
 X - a +3 ring of dexterity (right hand)
Wands
 j - a wand of iceblast (5)
Potions
 c - 5 potions of curing {@q1}
 d - 2 potions of heal wounds {@q2}
 e - a potion of haste {@q3}
 f - 4 potions of magic
 g - a potion of berserk rage {!q}
 i - a potion of invisibility

Dungeon Overview and Level Annotations

Branches:
Dungeon (1/1)

Altars:
Cheibriados
Dithmenos
Elyvilon
Fedhas
Gozag
Hepliaklqana
Kikubaaqudgha
Makhleb
Nemelex Xobeh
Okawaru
Qazlal
Ru
Sif Muna
Trog
Uskayaw
Vehumet
Wu Jian
Xom
Yredelemnul
Zin
The Shining One
Beogh
Jiyva
Lugonu ¦¦¦¦¦¦¦¦¦¦¦¦¦¦¦¦¦¦¦¦¦¦¦¦ ')?).[[[).'§...O@YplcH.. ¦¦¦¦¦¦¦¦¦¦¦¦¦¦¦¦¦¦¦¦¦¦¦¦

You could see a death knight, a catoblepas (ally target), a centaur warrior, a manticore, a basilisk and a friendly ogre (summoned, berserk, petrified).


Message History

* * * LOW HITPOINT WARNING * * *
The blast of calcifying dust hits your ogre!
Your ogre is engulfed in calcifying dust.
Your ogre is moving more slowly.
You are engulfed in calcifying dust.
The death knight's dark mirror aura disappears.
Your ogre is engulfed in calcifying dust.
Your ogre stops moving altogether!
The catoblepas gores you.
* * * LOW HITPOINT WARNING * * *
Your ogre is engulfed in calcifying dust.
You are engulfed in calcifying dust.
The catoblepas breathes a plume of calcifying dust at you.
The blast of calcifying dust hits you but does no damage.
The blast of calcifying dust hits your ogre!
Your ogre is engulfed in calcifying dust.
You are engulfed in calcifying dust.
Your ogre is engulfed in calcifying dust.
The catoblepas breathes a plume of calcifying dust at you.
The blast of calcifying dust hits you.
* * * LOW HITPOINT WARNING * * *
The blast of calcifying dust hits your ogre.
Your ogre is engulfed in calcifying dust.
You are engulfed in calcifying dust.
The catoblepas gores you!!
* * * LOW HITPOINT WARNING * * *
Your ogre is engulfed in calcifying dust.
You are engulfed in calcifying dust.
Your ogre is engulfed in calcifying dust.
The catoblepas gores you!!
You die...

Skill      XL: |  1  2  3  4  5  6  7  8 |
---------------+-------------------------+-----
Maces & Flails | 3 5 8 10 11 13 14 | 14.0
Fighting       | 6 8 11 13 14 | 14.3
Dodging        | |  2.6

Action                   |  1- 3 |  4- 6 |  7- 9 || total
-------------------------+-------+-------+-------++-------
Melee: Mace              |    23 |     6 |       ||    29
       Morningstar       |       |     9 |     6 ||    15
       Giant club        |       |       |     5 ||     5
Invok: Berserk           |     1 |     1 |       ||     2
       Trog's Hand       |       |       |     1 ||     1
       Brothers in Arms  |       |       |     1 ||     1
Evoke: Wand              |       |       |     5 ||     5
  Use: Scroll            |       |       |     2 ||     2
       Potion            |       |       |     1 ||     1
 Stab: Petrified         |       |       |     1 ||     1
Armor: Animal skin       |     7 |     2 |     4 ||    13
Dodge: Dodged            |     5 |     8 |     4 ||    17

Levels and vault maps discovered:
D:        linesprint [early_d, line_temple, items_1, d_10, items_2, lair_1,
          lair_end, items_3, orc_1, orc_end, items_4, d_15, swamp_1, shoals_1,
          snake_1, spider_1, d_20, vaults_1, items_5, swamp_end, shoals_end,
          snake_end, spider_end, vaults_end, d_27, items_6, zot_1, zot_end,
          crypt_end, forest_end, elf_end, slime_end, tomb_end, abyss_end,
          pan_hell_end]

Notes
Turn   | Place    | Note
-------+----------+-------------------------------------------
     0 | D        | browni3141 the Ogre Berserker began the quest for the Orb.
     0 | D        | Reached XP level 1. HP: 24/24 MP: 1/1
     6 | D        | Reached skill level 3 in Maces & Flails
     7 | D        | Reached ** piety under Trog
    10 | D        | Reached XP level 2. HP: 27/33 MP: 2/2
    13 | D        | Reached skill level 5 in Fighting
    13 | D        | Reached skill level 4 in Maces & Flails
    73 | D        | Noticed a water moccasin
    81 | D        | Reached skill level 6 in Fighting
    81 | D        | Reached skill level 5 in Maces & Flails
    81 | D        | Reached XP level 3. HP: 44/44 MP: 3/3
    89 | D        | Killed a water moccasin
    89 | D        | Reached *** piety under Trog
    90 | D        | Reached skill level 8 in Fighting
    90 | D        | Reached skill level 8 in Maces & Flails
    90 | D        | Reached XP level 4. HP: 34/58 MP: 4/4
    90 | D        | Reached XP level 5. HP: 38/66 MP: 5/5
   102 | D        | Found a snail-covered altar of Cheibriados.
   102 | D        | Found a shadowy altar of Dithmenos.
   102 | D        | Found a white marble altar of Elyvilon.
   102 | D        | Found a blossoming altar of Fedhas.
   102 | D        | Found an opulent altar of Gozag.
   103 | D        | Found a hazy altar of Hepliaklqana.
   104 | D        | Found a viscous altar of Jiyva.
   105 | D        | Found an ancient bone altar of Kikubaaqudgha.
   106 | D        | Found a corrupted altar of Lugonu.
   107 | D        | Found a burning altar of Makhleb.
   108 | D        | Found a sparkling altar of Nemelex Xobeh.
   109 | D        | Found an iron altar of Okawaru.
   110 | D        | Found a stormy altar of Qazlal.
   111 | D        | Found a sacrificial altar of Ru.
   112 | D        | Found a shimmering blue altar of Sif Muna.
   113 | D        | Found a bloodstained altar of Trog.
   114 | D        | Found a hide-covered altar of Uskayaw.
   115 | D        | Found a radiant altar of Vehumet.
   116 | D        | Found an ornate altar of the Wu Jian Council.
   117 | D        | Found a shimmering altar of Xom.
   118 | D        | Found a basalt altar of Yredelemnul.
   119 | D        | Found a glowing silver altar of Zin.
   120 | D        | Found a glowing golden altar of the Shining One.
   221 | D        | Noticed a troll
   221 | D        | Noticed a wraith
   221 | D        | Noticed a two-headed ogre
   226 | D        | Killed a troll
   226 | D        | Reached **** piety under Trog
   227 | D        | Reached skill level 11 in Fighting
   227 | D        | Reached skill level 10 in Maces & Flails
   227 | D        | Reached XP level 6. HP: 73/80 MP: 6/6
   231 | D        | Killed a wraith
   232 | D        | Reached skill level 11 in Maces & Flails
   232 | D        | Reached XP level 7. HP: 59/89 MP: 7/7
   241 | D        | Reached skill level 12 in Fighting
   244 | D        | Killed a two-headed ogre
   245 | D        | Reached skill level 13 in Fighting
   245 | D        | Reached skill level 13 in Maces & Flails
   245 | D        | Reached XP level 8. HP: 26/104 MP: 8/8
   248 | D        | Reached ***** piety under Trog
   473 | D        | Noticed a slime creature
   473 | D        | Noticed a catoblepas
   473 | D        | Noticed a death knight
   473 | D        | Noticed a centaur warrior
   473 | D        | Noticed a manticore
   478 | D        | Killed a slime creature
   479 | D        | Reached skill level 14 in Fighting
   479 | D        | Reached skill level 14 in Maces & Flails
   485 | D        | HP: 9/105 [catoblepas (10)]
   495 | D        | HP: 4/105 [catoblepas (16)]
   496 | D        | Mangled by a catoblepas

Vanquished Creatures
  A two-headed ogre (D)
  A troll (D)
  A slime creature (D)
  A wraith (D)
  A water moccasin (D)
  A gnoll sergeant (D)
  An iguana (D)
  An adder zombie (D)
  A dart slug (D)
  An orc (D)
  A bat zombie (D)
  An endoplasm (D)
  A giant cockroach (D)
  A goblin (D)
  A ball python zombie (D)
  A frilled lizard (D)
  A quokka zombie (D)
17 creatures vanquished.

Table legend: (Time is in decaauts)
 A = Elapsed time spent in this place.
 B = Non-inter-level travel time spent in this place.
 C = Inter-level travel time spent in this place.
 D = Time resting spent in this place.
 E = Time spent auto-exploring this place.
 F = Levels seen in this place.
 G = Mean time per level.
                   A        B        C        D        E       F      G
               +--------+--------+--------+--------+--------+-----+--------+
         Total |    515 |    515 |      0 |    267 |     62 |   1 |  515.0 |
       Dungeon |    515 |    515 |      0 |    267 |     62 |   1 |  515.0 |
               +--------+--------+--------+--------+--------+-----+--------+

Top non-repeatable levels by time:
       D: 515 daAuts

Table legend:
 A = Non-vault XP
 B = Vault XP
 C = Vault XP percentage of total XP
 D = Non-vault monster count
 E = Vault monster count
 F = Vault count percentage of total count
                 A         B        C        D         E       F
            +---------+---------+-------+---------+---------+-------
      Total |       0 |    1866 | 100.0 |       0 |      17 | 100.0
            +---------+---------+-------+---------+---------+-------
          D |       0 |    1866 | 100.0 |       0 |      17 | 100.0
            +---------+---------+-------+---------+---------+-------
